 Dungeon Crawl Stone Soup version 0.29-a0-529-gfa20dd96a1 (webtiles) character file.

Game seed: 14939197756705160581

61 nrs142 the Ruffian (level 3, -6/37 HPs)
             Began as a Troll Berserker on June 1, 2022.
             Was a Believer of Trog.
             Mangled by a gnoll
             ... wielding a +0 spear
              (9 damage)
             ... on level 2 of the Dungeon.
             The game lasted 00:02:03 (821 turns).

nrs142 the Ruffian (Troll Berserker)                 Turns: 821, Time: 00:02:03

Health: -6/37      AC:  4    Str: 25    XL:     3   Next: 83%
Magic:  2/2        EV: 10    Int:  5    God:    Trog [**....]
Gold:   98         SH:  0    Dex:  9    Spells: 2/2 levels left

rFire   . . .      SeeInvis .     - Unarmed
rCold   . . .      Faith    .   (no shield)
rNeg    . . .      Spirit   .   a - +0 animal skin
rPois   .          Reflect  .   (helmet restricted)
rElec   .          Harm     .   (no cloak)
rCorr   .          Rampage  .   (gloves unavailable)
Will    .....                   (boots unavailable)
Stlth   +.........              (no amulet)
HPRegen 0.92/turn               (no ring)
MPRegen 0.08/turn               (no ring)

@: no status effects
A: large, unfitting armour, claws 3, regeneration 1, shaggy fur 1, tough skin 1
a: Renounce Religion, Berserk, Trog's Hand


You were on level 2 of the Dungeon.
You worshipped Trog.
Trog was pleased with you.
You visited 1 branch of the dungeon, and saw 2 of its levels.

You collected 124 gold pieces.
You spent 26 gold pieces at shops.

Inventory:

Missiles
 h - 3 curare-tipped darts (quivered)
Armour
 a - a +0 animal skin (worn)
Scrolls
 f - a scroll of identify {unknown}
Potions
 b - a potion of curing {unknown}
 c - a potion of cancellation {unknown}
 d - a potion of flight {unknown}
 e - a potion of berserk rage {unknown}
 g - 2 potions of magic {unknown}


   Skills:
 + Level 3.0 Fighting
 + Level 3.0 Dodging
 + Level 3.6 Unarmed Combat


You had 2 spell levels left.
You didn't know any spells.
Your spell library was empty.

Dungeon Overview and Level Annotations

Branches:
Dungeon (2/15)

Altars:

Shops:
D:1 *


Innate Abilities, Weirdness & Mutations

You are too large for most types of armour.
You have claws for hands.
Your natural rate of healing is unusually fast.
You are covered in fur. (AC +1)
You have tough skin. (AC +1)


Message History

The gnoll hits you from afar with a +0 spear.
You claw the gnoll!
The gnoll is almost dead.
The gnoll hits you with a +0 club.
The gnoll hits you from afar with a +0 spear!
You claw the gnoll!
You kill the gnoll!
Trog accepts your kill.
The gnoll hits you from afar with a +0 spear.
Your Dodging skill increases to level 3!
You are too injured to fight recklessly!
You are too injured to fight recklessly!
You are too injured to fight recklessly!
You are too injured to fight recklessly!
You are too injured to fight recklessly!
You claw the gnoll!
The gnoll is almost dead.
The gnoll hits you with a +0 club.
The gnoll hits you from afar with a +0 spear.
You scratch the gnoll but do no damage.
The gnoll is almost dead.
The gnoll barely misses you.
The gnoll hits you from afar with a +0 spear!
* * * LOW HITPOINT WARNING * * *
You claw the gnoll!
You kill the gnoll!
Trog accepts your kill.
Your Fighting skill increases to level 3!
The gnoll closely misses you.
Items here: ))) ††.
Found 12 gold pieces.
The gnoll hits you with a +0 spear.
* * * LOW HITPOINT WARNING * * *
You scratch the gnoll.
The gnoll is heavily wounded.
The gnoll hits you with a +0 spear.
* * * LOW HITPOINT WARNING * * *
You scratch the gnoll.
The gnoll is heavily wounded.
The gnoll hits you with a +0 spear!
You die...

###### #....#
#....# #....#
### #....# #..
#####....# ##..
#...)@...# ..#
##.###g...#
#.###..# $..[.#
#.#...###....[#
..#####...###
#.....#
.........##
..#####
...####.## ##.#
#.# ##..# #.#
..#########


You could see a gnoll.

Vanquished Creatures
  3 gnolls (D:2)
  4 ball pythons
  4 giant cockroaches
  6 goblins
  2 hobgoblins (D:1)
  A kobold (D:1)
  2 quokkas (D:2)
  4 bats
  A frilled lizard (D:1)
  2 rats
29 creatures vanquished.

Notes
Turn   | Place    | Note
-------+----------+-------------------------------------------
     0 | D:1      | nrs142 the Troll Berserker began the quest for the Orb.
     0 | D:1      | Reached XP level 1. HP: 22/22 MP: 0/0
    95 | D:1      | Found Syutitsy's Assorted Antiques.
   103 | D:1      | Bought a scroll labelled SEMURO IMUMADOC for 26 gold pieces
   108 | D:1      | Reached XP level 2. HP: 29/29 MP: 1/1
   644 | D:2      | Found a faded altar of an unknown god.
   671 | D:2      | Reached XP level 3. HP: 34/36 MP: 2/2
   812 | D:2      | Reached ** piety under Trog
   821 | D:2      | Mangled by a gnoll

Illustrated notes

Levels and vault maps discovered:
D:1:      ncdulo_watergridlock, layout_basic, serial_shops, shop, eino_curves_01
D:2:      layout_rooms, hellmonk_ecumenical_altar_zigzags

Skill      XL: |  1  2  3 |
---------------+----------+-----
Dodging        | 3 |  3.0
Fighting       | 3 |  3.0
Unarmed Combat | |  3.6

Action                   || total
-------------------------++-------
Melee: Unarmed           ||    63
       Punch             ||     1
  Use: Scroll            ||     1
Armor: Animal skin       ||    16
Dodge: Dodged            ||    26

Table legend: (Time is in decaauts)
 A = Elapsed time spent in this place.
 B = Non-inter-level travel time spent in this place.
 C = Inter-level travel time spent in this place.
 D = Time resting spent in this place.
 E = Time spent auto-exploring this place.
 F = Levels seen in this place.
 G = Mean time per level.
                   A        B        C        D        E       F      G
               +--------+--------+--------+--------+--------+-----+--------+
         Total |    817 |    797 |     20 |      0 |    596 |   2 |  408.5 |
       Dungeon |    817 |    797 |     20 |      0 |    596 |   2 |  408.5 |
               +--------+--------+--------+--------+--------+-----+--------+

Top non-repeatable levels by time:
     D:1: 576 daAuts
     D:2: 241 daAuts
